[Event "ICC tourney 2380 (15 3)"]
[Site "Internet Chess Club"]
[Date "2021.02.07"]
[Round "1"]
[White "smilingfloor"]
[Black "Kolten112358"]
[Result "1-0"]
[ICCResult "Black checkmated"]
[WhiteElo "1947"]
[BlackElo "1215"]
[Opening "Caro-Kann: Panov-Botvinnik attack"]
[ECO "B13"]
[NIC "CK.03"]
[Time "11:00:49"]
[PlyCount "53"]
[TimeControl "900+3"]

1. e4 c6 2. d4 d5 3. exd5 cxd5 4. c4 Nf6 5. Nc3 Nc6 6. Nf3 g6 7. c5 Bg7 8.
Be2 O-O 9. O-O Re8 10. Bf4 Bg4 11. h3 Bxf3 12. Bxf3 e5 13. dxe5 Nxe5 14.
Bxd5 Nxd5 15. Nxd5 Qd7 16. Bxe5 Rad8 17. Bxg7 Qxd5 18. Qxd5 Rxd5 19. Bc3
Rxc5 20. Rad1 b5 21. a3 Ra8 22. Rfe1 a5 23. Rd7 a4 24. Rde7 h5 25. Re8+
Rxe8 26. Rxe8+ Kh7 27. Rh8# { Black checkmated } 1-0

[Event "ICC tourney 2380 (15 3)"]
[Site "Internet Chess Club"]
[Date "2021.02.07"]
[Round "1"]
[White "Goran21"]
[Black "BreatheChessAls"]
[Result "1-0"]
[ICCResult "Black checkmated"]
[WhiteElo "2190"]
[BlackElo "1941"]
[Opening "Sicilian defense"]
[ECO "B30"]
[NIC "SI.31"]
[Time "11:00:49"]
[PlyCount "123"]
[TimeControl "900+3"]

1. e4 c5 2. Nf3 Nc6 3. d3 g6 4. g3 Bg7 5. Bg2 d6 6. O-O e6 7. c3 Nge7 8.
Nbd2 O-O 9. a4 b6 10. Re1 Ba6 11. Nc4 Bxc4 12. dxc4 Ne5 13. Nxe5 dxe5 14.
Qe2 Qc7 15. h4 Rad8 16. h5 Nc6 17. Bh3 Qe7 18. hxg6 hxg6 19. Kg2 f5 20. Rh1
f4 21. Qg4 f3+ 22. Kh2 Kf7 23. Qxf3+ Ke8 24. Qe2 Qf7 25. Be3 Rh8 26. Kg2
Rf8 27. Rad1 Ke7 28. Bg4 Rxd1 29. Rxd1 Rd8 30. Rxd8 Kxd8 31. Bg5+ Bf6 32.
Be3 Qd7 33. Bh3 Qf7 34. Qg4 Ke7 35. Qd1 Ke8 36. Qd6 Qd7 37. Qxe6+ Qxe6 38.
Bxe6 Nd8 39. Bd5 Kd7 40. b4 cxb4 41. cxb4 Nc6 42. Bxc6+ Kc7 43. b5 a5 44.
c5 bxc5 45. Bxc5 Kc8 46. b6 Bd8 47. b7+ Kc7 48. Bd6+ Kxc6 49. b8=Q Kd7 50.
Bxe5 Ke6 51. Qxd8 Kxe5 52. Qd5+ Kf6 53. f4 Kg7 54. Qe6 Kh8 55. Qf7 g5 56.
Qc7 g4 57. Kf2 Kg8 58. Ke3 Kf8 59. Kd4 Ke8 60. Ke5 Kf8 61. Kf6 Ke8 62. Qe7#
{ Black checkmated } 1-0

[Event "ICC tourney 2380 (15 3)"]
[Site "Internet Chess Club"]
[Date "2021.02.07"]
[Round "1"]
[White "VincentT2008"]
[Black "mzninja66"]
[Result "0-1"]
[ICCResult "White resigns"]
[WhiteElo "1861"]
[BlackElo "2184"]
[Opening "Grünfeld: exchange variation"]
[ECO "D85"]
[NIC "GI.03"]
[Time "11:01:15"]
[PlyCount "44"]
[TimeControl "900+3"]

1. d4 Nf6 2. c4 g6 3. Nc3 d5 4. cxd5 Nxd5 5. Bd2 Bg7 6. e4 Nxc3 7. Bxc3 c5
8. d5 Bxc3+ 9. bxc3 O-O 10. Nf3 e6 11. Be2 exd5 12. exd5 Qf6 13. Qd2 Bf5
14. O-O Nd7 15. c4 Nb6 16. Rfe1 Nc8 17. Bd3 Bxd3 18. Qxd3 Nd6 19. Rac1 Rfe8
20. h3 Qf4 21. g3 Rxe1+ 22. Nxe1 Qxc1 { White resigns } 0-1

[Event "ICC tourney 2380 (15 3)"]
[Site "Internet Chess Club"]
[Date "2021.02.07"]
[Round "1"]
[White "ebowen31"]
[Black "garfield92037"]
[Result "1-0"]
[ICCResult "Black checkmated"]
[WhiteElo "2135"]
[BlackElo "1843"]
[Opening "Sicilian: Pelikan, Chelyabinsk variation"]
[ECO "B33"]
[NIC "SI.37"]
[Time "11:01:42"]
[PlyCount "25"]
[TimeControl "900+3"]

1. e4 c5 2. Nf3 Nc6 3. d4 cxd4 4. Nxd4 Nf6 5. Nc3 e6 6. Ndb5 d6 7. Bf4 e5
8. Bg5 a6 9. Na3 b5 10. Bxf6 gxf6 11. Nd5 Be6 12. Bd3 Ne7 13. Nxf6# { Black
checkmated } 1-0

[Event "ICC tourney 2380 (15 3)"]
[Site "Internet Chess Club"]
[Date "2021.02.07"]
[Round "1"]
[White "nuttysac"]
[Black "Slothychess"]
[Result "0-1"]
[ICCResult "White resigns"]
[WhiteElo "1761"]
[BlackElo "2048"]
[Opening "King's Indian: London system"]
[ECO "A48"]
[NIC "QP.03"]
[Time "11:01:07"]
[PlyCount "86"]
[TimeControl "900+3"]

1. d4 Nf6 2. Nf3 g6 3. Bf4 Bg7 4. Nbd2 d5 5. e3 O-O 6. Bd3 c5 7. c3 Nbd7 8.
Qe2 Qb6 9. b3 Nh5 10. Bg5 e5 11. Nxe5 Nxe5 12. dxe5 Bxe5 13. Rc1 Qa5 14. c4
d4 15. exd4 Bxd4 16. O-O Qxa2 17. Rc2 Qa6 18. h3 Ng7 19. Ne4 Re8 20. Qf3 f5
21. Nxc5 Bxc5 22. Qd5+ Ne6 23. Bh6 Qd6 24. Qf3 Nd4 25. Qd1 Nxc2 26. Qxc2
Qe5 27. b4 Bxb4 28. c5 Be6 29. Bc4 Qxc5 30. Bxe6+ Rxe6 31. Qb2 Qc3 32. Qa2
Re8 33. Qxa7 Re1 34. Qa2+ Kh8 35. Rxe1 Rxe1+ 36. Kh2 Bd6+ 37. g3 Qc6 38.
Qa8+ Re8 39. Qa1+ Be5 40. Qa2 b5 41. f4 Bd4 42. Qd2 Qc3 43. Qg2 Qd3 { White
resigns } 0-1

[Event "ICC tourney 2380 (15 3)"]
[Site "Internet Chess Club"]
[Date "2021.02.07"]
[Round "1"]
[White "MChessy"]
[Black "allorantPNW"]
[Result "0-1"]
[ICCResult "White forfeits on time"]
[WhiteElo "1704"]
[BlackElo "1957"]
[Opening "Sicilian: accelerated fianchetto, modern variation"]
[ECO "B34"]
[NIC "SI.33"]
[Time "11:00:48"]
[PlyCount "44"]
[TimeControl "900+3"]

1. e4 c5 2. Nf3 g6 3. d4 cxd4 4. Nxd4 Nc6 5. Nc3 Bg7 6. Nf3 Nf6 7. Be3 Ng4
8. Qd2 Nxe3 9. Qxe3 O-O 10. O-O-O Qa5 11. Rd5 Qc7 12. h4 d6 13. Nb5 Qa5 14.
Na3 Qb4 15. Rb5 Bxb2+ 16. Kd1 Qxa3 17. Rxb2 Qxb2 18. h5 Nb4 19. hxg6 Qxc2+
20. Ke1 Qb1+ 21. Ke2 Qxa2+ 22. Nd2 fxg6 { White forfeits on time } 0-1

[Event "ICC tourney 2380 (15 3)"]
[Site "Internet Chess Club"]
[Date "2021.02.07"]
[Round "1"]
[White "SuperWJ"]
[Black "clair"]
[Result "1-0"]
[ICCResult "Black resigns"]
[WhiteElo "1959"]
[BlackElo "1718"]
[Opening "Modern defense"]
[ECO "A40"]
[NIC "QO.17"]
[Time "11:00:46"]
[PlyCount "65"]
[TimeControl "900+3"]

1. d4 g6 2. c4 Bg7 3. Nc3 e6 4. e4 Ne7 5. h4 h6 6. h5 g5 7. f4 gxf4 8. Bxf4
d5 9. cxd5 exd5 10. e5 a6 11. Be2 c5 12. Nf3 cxd4 13. Nxd4 Nbc6 14. Nxc6
bxc6 15. O-O Qb6+ 16. Kh1 Qxb2 17. Na4 Qa3 18. Rf3 Qb4 19. Rb1 Qa5 20. Nb6
Ra7 21. Rg3 Kf8 22. Nxc8 Nxc8 23. Rb8 Qc7 24. Qb3 Bxe5 25. Rxc8+ Qxc8 26.
Bxe5 Rg8 27. Bd6+ Re7 28. Rxg8+ Kxg8 29. Bxe7 Qc7 30. Qe3 f5 31. Qe6+ Kh7
32. Qg6+ Kh8 33. Bf6+ { Black resigns } 1-0

[Event "ICC tourney 2380 (15 3)"]
[Site "Internet Chess Club"]
[Date "2021.02.07"]
[Round "1"]
[White "guineapig25"]
[Black "Roger436"]
[Result "1-0"]
[ICCResult "Black resigns"]
[WhiteElo "2029"]
[BlackElo "1751"]
[Opening "Sicilian: accelerated fianchetto, modern variation"]
[ECO "B34"]
[NIC "SI.33"]
[Time "11:01:00"]
[PlyCount "111"]
[TimeControl "900+3"]

1. e4 c5 2. Nf3 Nc6 3. d4 cxd4 4. Nxd4 g6 5. Nc3 Bg7 6. Nb3 Nf6 7. Be2 d6
8. O-O O-O 9. Bg5 Qb6 10. Kh1 a5 11. a4 Ne5 12. Bxf6 exf6 13. f4 Nc6 14.
Qxd6 Rd8 15. Qc5 Qxc5 16. Nxc5 Bf8 17. Nb3 Nb4 18. Rac1 f5 19. e5 Be6 20.
Na1 Rd2 21. Rfd1 Rad8 22. Rxd2 Rxd2 23. Rd1 Rxd1+ 24. Bxd1 Bd7 25. Bf3 b6
26. Be2 Bc6 27. Kg1 Bc5+ 28. Kf1 Kf8 29. Bc4 Ke7 30. g3 Bf3 31. Na2 Nd5 32.
Bxd5 Bxd5 33. Nb3 Bc4+ 34. Ke1 Bg1 35. Nc3 Bxh2 36. Kf2 h5 37. Kg2 Bxg3 38.
Kxg3 Ke6 39. Nd2 Ba6 40. Nf3 Bb7 41. Nd4+ Kd7 42. Kh4 Bg2 43. Kg5 Ke8 44.
Nb3 Ke7 45. Nd2 Bb7 46. Nc4 b5 47. axb5 h4 48. Kxh4 Ke6 49. Kg5 Ba8 50.
Nxa5 Bf3 51. b6 f6+ 52. exf6 Kf7 53. b7 Bh5 54. b8=Q Ke6 55. Qe5+ Kf7 56.
Qe7+ { Black resigns } 1-0

[Event "ICC tourney 2380 (15 3)"]
[Site "Internet Chess Club"]
[Date "2021.02.07"]
[Round "1"]
[White "hpawnbomb"]
[Black "DukeArundell"]
[Result "1-0"]
[ICCResult "Black resigns"]
[WhiteElo "2188"]
[BlackElo "1885"]
[Opening "KP: Nimzovich defense"]
[ECO "B00"]
[NIC "VO.05"]
[Time "11:01:10"]
[PlyCount "87"]
[TimeControl "900+3"]

1. e4 Nc6 2. Nf3 d6 3. d4 Nf6 4. Nc3 Bg4 5. Be2 e6 6. O-O Be7 7. h3 Bh5 8.
Be3 O-O 9. a3 Bg6 10. Bd3 d5 11. e5 Ne4 12. Ne2 f6 13. Nf4 Bf7 14. c3 g5
15. exf6 Bxf6 16. Ne2 e5 17. Bxe4 dxe4 18. Nxe5 Bxe5 19. dxe5 Qe7 20. Ng3
Qxe5 21. Qg4 h6 22. h4 Be6 23. Qh5 Rf6 24. hxg5 Bf7 25. Qg4 Be6 26. Qxe4
hxg5 27. Qxe5 Nxe5 28. Bd4 Nd7 29. Bxf6 Nxf6 30. Rfe1 Kf7 31. Ne4 Nxe4 32.
Rxe4 Bf5 33. Re5 Kf6 34. Rae1 Rd8 35. Re7 Rd2 36. b3 Ra2 37. Rxc7 Rxa3 38.
Rxb7 Bc2 39. Rc1 Bxb3 40. c4 a5 41. c5 Be6 42. Rb6 Ke7 43. Rxe6+ Kxe6 44.
c6 { Black resigns } 1-0

[Event "ICC tourney 2380 (15 3)"]
[Site "Internet Chess Club"]
[Date "2021.02.07"]
[Round "1"]
[White "harkerchess"]
[Black "MrNormalName"]
[Result "0-1"]
[ICCResult "White resigns"]
[WhiteElo "1934"]
[BlackElo "2189"]
[Opening "Trompowsky attack (Ruth, Opocenský opening)"]
[ECO "A45"]
[NIC "QP.07"]
[Time "11:01:42"]
[PlyCount "110"]
[TimeControl "900+3"]

1. d4 Nf6 2. Bg5 d5 3. Bxf6 gxf6 4. e3 c5 5. Nf3 Nc6 6. dxc5 e6 7. Bb5 Bxc5
8. Nbd2 O-O 9. O-O Qb6 10. Qe2 a6 11. Bxc6 bxc6 12. Nb3 Be7 13. e4 dxe4 14.
Qxe4 Bb7 15. Qd4 Qxd4 16. Nfxd4 c5 17. Ne2 Be4 18. c3 Bd3 19. Rfe1 Rfd8 20.
Nf4 Bc2 21. Na5 Rd7 22. Rac1 Bf5 23. Nc6 Bd6 24. Nh5 Rc7 25. Na5 Be7 26.
Ng3 Bd3 27. Rcd1 c4 28. Rd2 Rb8 29. b3 Rb5 30. Nxc4 Bxc4 31. bxc4 Rxc4 32.
Ne4 Rxe4 33. Red1 Rb7 34. g3 Rc4 35. Rd7 Rxd7 36. Rxd7 Kf8 37. Ra7 Rxc3 38.
Rxa6 Ra3 39. Rc6 Rxa2 40. Rc8+ Kg7 41. Rc4 f5 42. Kg2 Bd8 43. Rb4 Ba5 44.
Rb1 Bc3 45. Rd1 Rd2 46. Rf1 Bd4 47. h4 Kg6 48. Kf3 Kh5 49. g4+ fxg4+ 50.
Kg3 Be5+ 51. f4 Rd3+ 52. Kg2 Bf6 53. f5 Rd2+ 54. Kh1 e5 55. Ra1 Kxh4 {
White resigns } 0-1

[Event "ICC tourney 2380 (15 3)"]
[Site "Internet Chess Club"]
[Date "2021.02.07"]
[Round "1"]
[White "sujashankar"]
[Black "MillzGambit"]
[Result "1-0"]
[ICCResult "Black resigns"]
[WhiteElo "1749"]
[BlackElo "2026"]
[Opening "Scotch game"]
[ECO "C45"]
[NIC "SO.04"]
[Time "11:00:48"]
[PlyCount "75"]
[TimeControl "900+3"]

1. e4 e5 2. Nf3 Nc6 3. d4 exd4 4. Nxd4 d6 5. Bc4 g6 6. O-O Bg7 7. c3 Nge7
8. Be3 Ne5 9. Be2 O-O 10. Nd2 a6 11. f4 N5c6 12. N2b3 Bd7 13. f5 Nc8 14.
Qd2 Ne5 15. Bg5 Bf6 16. Bh6 Re8 17. Rf2 c5 18. Raf1 g5 19. Nf3 Ng4 20. Bxg5
Nxf2 21. Rxf2 Rxe4 22. Qd5 Bc6 23. Qd2 Rg4 24. Bf4 b6 25. h3 Rg7 26. Bh6
Ne7 27. Bxg7 Bxg7 28. Ng5 Bf6 29. Bh5 Be8 30. Ne4 Be5 31. f6 Ng6 32. Qh6
Bxf6 33. Nxf6+ Qxf6 34. Rxf6 Bc6 35. Bxg6 hxg6 36. Nd2 Re8 37. Nf3 Bxf3 38.
Rxf3 { Black resigns } 1-0

[Event "ICC tourney 2380 (15 3)"]
[Site "Internet Chess Club"]
[Date "2021.02.07"]
[Round "1"]
[White "awakeflood"]
[Black "organic"]
[Result "1/2-1/2"]
[ICCResult "Game drawn by repetition"]
[WhiteElo "1798"]
[BlackElo "2098"]
[Opening "Caro-Kann: classical variation"]
[ECO "B18"]
[NIC "CK.10"]
[Time "11:00:48"]
[PlyCount "116"]
[TimeControl "900+3"]

1. e4 c6 2. d4 d5 3. Nc3 dxe4 4. Nxe4 Bf5 5. Ng3 Nf6 6. Nxf5 Qa5+ 7. Bd2
Qxf5 8. Bd3 Qc8 9. c3 Nbd7 10. Nf3 g6 11. O-O Bg7 12. Re1 e6 13. Qc1 O-O
14. Bh6 c5 15. Bxg7 Kxg7 16. h3 cxd4 17. Nxd4 e5 18. Nf3 Re8 19. Bb5 Qc5
20. Bxd7 Nxd7 21. Qe3 Qxe3 22. Rxe3 f6 23. Rd1 Nf8 24. g3 Rad8 25. Red3
Rxd3 26. Rxd3 Kf7 27. Rd1 e4 28. Nd4 Rd8 29. Rd2 Ne6 30. Kf1 Nc5 31. Ke2
Nd3 32. Ke3 f5 33. f3 Re8 34. fxe4 fxe4 35. Nb5 Re6 36. Nxa7 Kf6 37. Nb5
Ke5 38. Nd4 Rf6 39. b4 Rf1 40. a4 g5 41. Rh2 Ra1 42. a5 h5 43. h4 g4 44.
Rg2 Re1+ 45. Ne2 Rf1 46. Nd4 Rd1 47. Ne2 Nb2 48. Nf4 Nc4+ 49. Kf2 e3+ 50.
Ke2 Rd2+ 51. Kf1 Rxg2 52. Nxg2 Ke4 53. Ke2 Na3 54. Nxe3 Nb5 55. Nd1 Nd6 56.
Ne3 Nb5 57. Nd1 Nd6 58. Ne3 Nb5 { Game drawn by repetition } 1/2-1/2

[Event "ICC tourney 2380 (15 3)"]
[Site "Internet Chess Club"]
[Date "2021.02.07"]
[Round "2"]
[White "MillzGambit"]
[Black "pjelke"]
[Result "1-0"]
[ICCResult "Black checkmated"]
[WhiteElo "2026"]
[BlackElo "103"]
[Opening "Scotch opening"]
[ECO "C44"]
[NIC "KP.10"]
[Time "12:16:10"]
[PlyCount "23"]
[TimeControl "900+3"]

1. e4 e5 2. Nf3 Nc6 3. d4 d6 4. Nc3 Bg4 5. Bb5 Qe7 6. d5 O-O-O 7. dxc6 Bxf3
8. Qxf3 b6 9. Nd5 Qe6 10. Qa3 Kb8 11. Qa6 Ka8 12. Qb7# { Black checkmated }
1-0

[Event "ICC tourney 2380 (15 3)"]
[Site "Internet Chess Club"]
[Date "2021.02.07"]
[Round "2"]
[White "DukeArundell"]
[Black "nuttysac"]
[Result "1-0"]
[ICCResult "Black resigns"]
[WhiteElo "1885"]
[BlackElo "1761"]
[Opening "Dunst (Sleipner, Heinrichsen) opening"]
[ECO "A00"]
[NIC "VO.15"]
[Time "12:16:00"]
[PlyCount "63"]
[TimeControl "900+3"]

1. Nc3 d5 2. e4 d4 3. Nce2 e5 4. Ng3 Nf6 5. Bc4 Bc5 6. Nf3 Nc6 7. a3 O-O 8.
d3 Bg4 9. O-O h6 10. h3 Be6 11. Bxe6 fxe6 12. c3 Qe7 13. b4 Bb6 14. b5 Nd8
15. Nxe5 c6 16. Ng6 Qf7 17. Nxf8 Kxf8 18. c4 cxb5 19. cxb5 a6 20. a4 axb5
21. Ba3+ Kg8 22. axb5 Bc7 23. Qb3 Qg6 24. Ne2 Nh5 25. Rfc1 Be5 26. Be7 Nf7
27. Rxa8+ Kh7 28. Ra7 Ng5 29. Bxg5 Qxg5 30. Qxe6 Nf4 31. Nxf4 Qxf4 32. Qf5+
{ Black resigns } 1-0

[Event "ICC tourney 2380 (15 3)"]
[Site "Internet Chess Club"]
[Date "2021.02.07"]
[Round "2"]
[White "organic"]
[Black "PokeyTurtle3454"]
[Result "1-0"]
[ICCResult "Black checkmated"]
[WhiteElo "2098"]
[BlackElo "598"]
[Opening "Ruy Lopez: Berlin defense"]
[ECO "C65"]
[NIC "RL.07"]
[Time "12:16:49"]
[PlyCount "57"]
[TimeControl "900+3"]

1. e4 e5 2. Nf3 Nc6 3. Bb5 Nf6 4. d3 a6 5. Bxc6 dxc6 6. Nxe5 Qd6 7. Nf3 Bg4
8. Nc3 b5 9. h3 Bxf3 10. Qxf3 Be7 11. O-O O-O 12. Re1 Qd4 13. Ne2 Qb4 14.
c3 Qc5 15. Bf4 Bd6 16. e5 Bxe5 17. d4 Bxd4 18. Nxd4 Nd5 19. Re4 b4 20. cxb4
Nxb4 21. Bxc7 Nc2 22. Nxc2 Qxc2 23. Rd1 f5 24. Re7 Qxb2 25. Rdd7 Ra7 26.
Qb3+ Qxb3 27. Rxg7+ Kh8 28. Rxh7+ Kg8 29. Rdg7# { Black checkmated } 1-0

[Event "ICC tourney 2380 (15 3)"]
[Site "Internet Chess Club"]
[Date "2021.02.07"]
[Round "2"]
[White "BreatheChessAls"]
[Black "anirudha-menon"]
[Result "1-0"]
[ICCResult "Black resigns"]
[WhiteElo "1941"]
[BlackElo "1769"]
[Opening "Queen's pawn, Mason variation"]
[ECO "D00"]
[NIC "QP.08"]
[Time "12:15:57"]
[PlyCount "59"]
[TimeControl "900+3"]

1. d4 d5 2. Bf4 Nf6 3. e3 e6 4. c3 Bd6 5. Bg3 O-O 6. Nd2 Re8 7. Ngf3 Nc6 8.
Ne5 Nd7 9. Ndf3 Ndxe5 10. Nxe5 f6 11. Nxc6 bxc6 12. Bd3 e5 13. O-O e4 14.
Bc2 f5 15. Bb3 Be6 16. Qe2 Rf8 17. Bxd6 cxd6 18. c4 Qf6 19. cxd5 cxd5 20.
Qb5 Rab8 21. Qa5 Rxb3 22. axb3 f4 23. exf4 Qxf4 24. Qc3 Rf6 25. Qg3 Qf5 26.
Rxa7 Rg6 27. Qh4 Rf6 28. Rc1 h6 29. Re1 Qf3 30. gxf3 { Black resigns } 1-0

[Event "ICC tourney 2380 (15 3)"]
[Site "Internet Chess Club"]
[Date "2021.02.07"]
[Round "2"]
[White "Alien5"]
[Black "awakeflood"]
[Result "0-1"]
[ICCResult "White resigns"]
[WhiteElo "428"]
[BlackElo "1798"]
[Opening "QGD: Ragozin variation"]
[ECO "D38"]
[NIC "NI.27"]
[Time "12:16:00"]
[PlyCount "54"]
[TimeControl "900+3"]

1. d4 d5 2. c4 e6 3. Nf3 Nf6 4. Nc3 Bb4 5. Bd2 O-O 6. e3 b6 7. a3 Bxc3 8.
Bxc3 Ba6 9. b3 Ne4 10. Qc2 Nxc3 11. Qxc3 Nd7 12. Bd3 c5 13. O-O Rc8 14.
Rac1 cxd4 15. exd4 dxc4 16. Bxc4 b5 17. Qd3 bxc4 18. bxc4 Nb6 19. Ne5 f6
20. Nf3 Bxc4 21. Rxc4 Nxc4 22. Rc1 Ne5 23. Qe3 Nxf3+ 24. gxf3 Rxc1+ 25.
Qxc1 Qxd4 26. h4 Qxh4 27. Kf1 Qh1+ { White resigns } 0-1

[Event "ICC tourney 2380 (15 3)"]
[Site "Internet Chess Club"]
[Date "2021.02.07"]
[Round "2"]
[White "garfield92037"]
[Black "MChessy"]
[Result "1-0"]
[ICCResult "Black resigns"]
[WhiteElo "1843"]
[BlackElo "1704"]
[Opening "Caro-Kann: Panov-Botvinnik attack, 5...e6"]
[ECO "B14"]
[NIC "CK.02"]
[Time "12:15:55"]
[PlyCount "41"]
[TimeControl "900+3"]

1. e4 c6 2. d4 d5 3. exd5 cxd5 4. c4 e6 5. Nc3 Nf6 6. Nf3 Bb4 7. Bg5 O-O 8.
Rc1 Nbd7 9. c5 Qa5 10. Bd2 Re8 11. a3 Bxc3 12. Bxc3 Qc7 13. Bd3 e5 14. Nxe5
Nxe5 15. dxe5 Rxe5+ 16. Bxe5 Qxe5+ 17. Qe2 Qg5 18. O-O Bg4 19. f3 Re8 20.
Qf2 Re3 21. f4 { Black resigns } 1-0

[Event "ICC tourney 2380 (15 3)"]
[Site "Internet Chess Club"]
[Date "2021.02.07"]
[Round "2"]
[White "vrishabh"]
[Black "fairlawn70"]
[Result "0-1"]
[ICCResult "White resigns"]
[WhiteElo "395"]
[BlackElo "963"]
[Opening "Sicilian defense"]
[ECO "B41"]
[NIC "SI.43"]
[Time "12:16:05"]
[PlyCount "114"]
[TimeControl "900+3"]

1. e4 c5 2. Nf3 e6 3. d4 Nc6 4. Nc3 Nf6 5. Be3 d5 6. Bd3 cxd4 7. Bxd4 Nxd4
8. Nxd4 Bb4 9. exd5 Nxd5 10. O-O Bxc3 11. bxc3 Nxc3 12. Qg4 O-O 13. Qh3 g6
14. Qe3 Qf6 15. Rae1 Nd5 16. Qe4 Qf4 17. g3 Qxe4 18. Bxe4 Bd7 19. c4 Nb4
20. Re2 Nc6 21. Nxc6 Bxc6 22. Bxc6 bxc6 23. c5 Rfd8 24. Kg2 Rab8 25. Ree1
Rd2 26. a3 Kf8 27. Rd1 Rxd1 28. Rxd1 Ke7 29. f4 Rd8 30. Re1 Rd5 31. Rc1 a5
32. Rc4 f6 33. g4 e5 34. fxe5 fxe5 35. Kg3 Ke6 36. Kf3 Rd4 37. Rxd4 exd4
38. Ke4 d3 39. Kxd3 Kd5 40. Kc3 Kxc5 41. a4 Kd5 42. h3 c5 43. Kb3 c4+ 44.
Kc3 Kc5 45. h4 h6 46. g5 hxg5 47. hxg5 Kd5 48. Kc2 Kd4 49. Kb2 Kd3 50. Kc1
c3 51. Kb1 Kd2 52. Ka2 c2 53. Ka1 c1=Q+ 54. Ka2 Qc2+ 55. Ka3 Qc4 56. Kb2
Qb4+ 57. Ka2 Kc2 { White resigns } 0-1

[Event "ICC tourney 2380 (15 3)"]
[Site "Internet Chess Club"]
[Date "2021.02.07"]
[Round "2"]
[White "Slothychess"]
[Black "Goran21"]
[Result "0-1"]
[ICCResult "White forfeits on time"]
[WhiteElo "2048"]
[BlackElo "2190"]
[Opening "Sicilian: Canal-Sokolsky (Nimzovich-Rossolimo, Moscow) attack"]
[ECO "B51"]
[NIC "SI.01"]
[Time "12:16:03"]
[PlyCount "124"]
[TimeControl "900+3"]

1. e4 c5 2. Nf3 d6 3. Bb5+ Nc6 4. d4 cxd4 5. Qxd4 Bd7 6. Bxc6 bxc6 7. c4 e5
8. Qd3 Nf6 9. Nc3 Be7 10. O-O O-O 11. b3 Qa5 12. Bd2 Qc7 13. Ne2 d5 14.
cxd5 cxd5 15. Rac1 Qd6 16. Ng3 Rab8 17. Rfd1 dxe4 18. Qxd6 Bxd6 19. Ng5 Bg4
20. Re1 Rbd8 21. Ba5 Rd7 22. N5xe4 Nxe4 23. Nxe4 Ba3 24. Rc7 Rxc7 25. Bxc7
f6 26. Bd6 Bxd6 27. Nxd6 Rd8 28. Nc4 Be6 29. Rc1 Kf7 30. Kf1 Bxc4+ 31. Rxc4
Rd7 32. Ke2 Ke6 33. h4 h5 34. g3 Kf5 35. Ra4 g5 36. Ke3 Rc7 37. Kd3 g4 38.
Ra6 Rd7+ 39. Ke3 Rc7 40. Kd3 Rd7+ 41. Ke3 Re7 42. b4 Rb7 43. a3 Rc7 44. Kd3
Kg6 45. b5 Rd7+ 46. Ke3 Kf7 47. a4 f5 48. Rh6 Rd4 49. Rh7+ Ke6 50. Rxa7 Rb4
51. Ra6+ Kd5 52. b6 f4+ 53. gxf4 exf4+ 54. Ke2 Rb2+ 55. Ke1 Ke4 56. Ra5
Rxb6 57. Rxh5 Kf3 58. Rb5 Rc6 59. Rb3+ Kg2 60. Rb4 Re6+ 61. Kd1 g3 62. fxg3
f3 { White forfeits on time } 0-1

[Event "ICC tourney 2380 (15 3)"]
[Site "Internet Chess Club"]
[Date "2021.02.07"]
[Round "2"]
[White "Roger436"]
[Black "harkerchess"]
[Result "1-0"]
[ICCResult "Black resigns"]
[WhiteElo "1751"]
[BlackElo "1934"]
[Opening "Ruy Lopez: closed, Breyer, Borisenko variation"]
[ECO "C95"]
[NIC "RL.25"]
[Time "12:15:54"]
[PlyCount "79"]
[TimeControl "900+3"]

1. e4 e5 2. Nf3 Nc6 3. Bb5 a6 4. Ba4 Nf6 5. O-O Be7 6. Re1 b5 7. Bb3 d6 8.
h3 O-O 9. c3 Nb8 10. d4 Nbd7 11. Nbd2 Bb7 12. Bc2 exd4 13. cxd4 c5 14. d5
Re8 15. Nf1 Bf8 16. Ng3 g6 17. Bf4 c4 18. Qd2 Nc5 19. Nd4 Qd7 20. Bh6 Bg7
21. Ngf5 Bh8 22. Qf4 Rad8 23. Bg5 Nh5 24. Qg4 Bf6 25. Bxf6 Nxf6 26. Qg5
Nfxe4 27. Bxe4 Nxe4 28. Rxe4 Rxe4 29. Qf6 gxf5 30. Nxf5 Qxf5 31. Qxf5 Re5
32. Qg4+ Kh8 33. Rd1 Bxd5 34. Rxd5 Rxd5 35. Qf3 Re5 36. Qf6+ Kg8 37. Qxd8+
Kg7 38. Qxd6 Re2 39. Qd4+ f6 40. Qg4+ { Black resigns } 1-0

[Event "ICC tourney 2380 (15 3)"]
[Site "Internet Chess Club"]
[Date "2021.02.07"]
[Round "2"]
[White "MrNormalName"]
[Black "guineapig25"]
[Result "1-0"]
[ICCResult "Black resigns"]
[WhiteElo "2189"]
[BlackElo "2029"]
[Opening "King's Indian: Gligoric-Taimanov system"]
[ECO "E92"]
[NIC "KI.18"]
[Time "12:16:49"]
[PlyCount "71"]
[TimeControl "900+3"]

1. d4 Nf6 2. c4 g6 3. Nc3 Bg7 4. e4 d6 5. Nf3 O-O 6. Be2 e5 7. Be3 exd4 8.
Nxd4 Re8 9. f3 c6 10. Bf2 d5 11. exd5 cxd5 12. c5 Nc6 13. O-O Nh5 14. Qd2
Be5 15. g3 Ng7 16. Rfe1 Ne6 17. Nxe6 Bxe6 18. f4 Bg7 19. Nb5 Bf8 20. b4 a5
21. a3 Qd7 22. Nd4 Nxd4 23. Bxd4 Bf5 24. Bc3 d4 25. Qxd4 Qxd4+ 26. Bxd4 Re4
27. Rad1 Rd8 28. Bc3 Rxd1 29. Bxd1 Rxe1+ 30. Bxe1 axb4 31. axb4 Bg7 32. Bf3
Bd4+ 33. Bf2 Bc3 34. b5 Bd7 35. b6 Bc8 36. c6 { Black resigns } 1-0

[Event "ICC tourney 2380 (15 3)"]
[Site "Internet Chess Club"]
[Date "2021.02.07"]
[Round "2"]
[White "allorantPNW"]
[Black "ebowen31"]
[Result "0-1"]
[ICCResult "White resigns"]
[WhiteElo "1957"]
[BlackElo "2135"]
[Opening "Queen's pawn: London system"]
[ECO "A45"]
[NIC "QP.07"]
[Time "12:16:07"]
[PlyCount "106"]
[TimeControl "900+3"]

1. d4 Nf6 2. Bf4 g6 3. Nc3 d5 4. e3 Bg7 5. h4 c5 6. Nb5 Na6 7. a4 Bf5 8. c3
O-O 9. Be2 cxd4 10. exd4 Qd7 11. Nf3 Ng4 12. Qd2 Rfe8 13. O-O f6 14. Rad1
e5 15. dxe5 fxe5 16. Bg3 Red8 17. Rfe1 Nc5 18. Bf1 a6 19. Na3 Ne4 20. Qc1
Nxg3 21. fxg3 Qxa4 22. h5 Qb3 23. c4 Bh6 24. Qc3 Qxc3 25. bxc3 Be3+ 26. Kh1
Nf2+ 27. Kh2 Nxd1 28. Rxd1 dxc4 29. Bxc4+ Kg7 30. Re1 Bc5 31. Nb1 e4 32.
Nh4 b5 33. Be2 Rac8 34. g4 Be6 35. g5 gxh5 36. Bxh5 Bf2 37. Rxe4 Bxh4 38.
Rxh4 Rd6 39. Rf4 Rc4 40. Rf2 Rh4+ 41. Kg1 Rxh5 42. Nd2 Rxd2 43. Rxd2 Rxg5
44. Rd6 Rg6 45. Rxa6 Bd5 46. Ra7+ Kh6 47. Ra5 Rxg2+ 48. Kf1 Rb2 49. Ke1 Kg5
50. Ra6 h5 51. Rb6 h4 52. Rb8 Kg4 53. c4 Bxc4 { White resigns } 0-1

[Event "ICC tourney 2380 (15 3)"]
[Site "Internet Chess Club"]
[Date "2021.02.07"]
[Round "2"]
[White "SuperWJ"]
[Black "hpawnbomb"]
[Result "1/2-1/2"]
[ICCResult "Game drawn by mutual agreement"]
[WhiteElo "1959"]
[BlackElo "2188"]
[Opening "King's Indian: Four pawns attack"]
[ECO "E76"]
[NIC "KI.31"]
[Time "12:15:54"]
[PlyCount "67"]
[TimeControl "900+3"]

1. d4 Nf6 2. c4 g6 3. Nc3 Bg7 4. e4 d6 5. f4 O-O 6. Nf3 e5 7. fxe5 dxe5 8.
d5 c5 9. Bg5 h6 10. Bh4 Qa5 11. Qd2 Kh7 12. Be2 Nh5 13. Bg3 Nxg3 14. hxg3
Nd7 15. g4 Rh8 16. g5 h5 17. g4 Kg8 18. gxh5 gxh5 19. Nb5 Qxd2+ 20. Nxd2 h4
21. Bg4 Nf8 22. Bxc8 Rxc8 23. Nd6 Rc7 24. O-O-O a6 25. Nf3 Ng6 26. Ne8 Rd7
27. Nxg7 Kxg7 28. Rh3 Rh5 29. Rdh1 Rd8 30. Nxh4 Rxg5 31. Nxg6 Rxg6 32. Rh7+
Kf8 33. Rf1 Rd7 34. Rh8+ { Game drawn by mutual agreement } 1/2-1/2